 Dungeon Crawl Stone Soup version 0.31-a0-984-gbfb7dba898 (webtiles) character file.

Game seed: 10324029225786819231

52 IndexError the Conjurer (level 3, 0/24 HPs)
             Began as a Demonspawn Conjurer on Nov 3, 2023.
             Was a Follower of Ru.
             Succumbed to Sigmund's poison
             ... on level 2 of the Dungeon.
             The game lasted 00:03:24 (1523 turns).

IndexError the Conjurer (Demonspawn Conjurer)       Turns: 1523, Time: 00:03:25

Health: 0/24       AC:  2    Str:  7    XL:     3   Next: 60%
Magic:  6/7        EV: 12    Int: 21    God:    Ru [*.....]
Gold:   62         SH:  4    Dex: 11    Spells: 5/8 levels left

rFire   . . .        h - +0 dagger
rCold   . . .        (no shield)
rNeg    . . .        a - +0 robe
rPois   .            (no helmet)
rElec   .            (no cloak)
rCorr   +            (no gloves)
SInv    .            (no boots)
Will    .....        e - amulet of magic regeneration
Stlth   ++           k - ring of resist corrosion
HPRegen 0.24/turn    (no ring)
MPRegen 0.50/turn

%: no passive effects
@: lethally poisoned (0 -> -9)
A: inability to train armour, condensation shield
a: Renounce Religion


You were on level 2 of the Dungeon.
You worshipped Ru.
Ru was aware of your devotion.
You visited 1 branch of the dungeon, and saw 2 of its levels.

You collected 62 gold pieces.

Inventory:

Hand Weapons
 h - a +0 dagger (weapon)
   (You took it off a kobold on level 1 of the Dungeon)
Missiles
 j - 4 atropa-tipped darts
 p - 4 curare-tipped darts
Armour
 a - a +0 robe (worn)
Jewellery
 e - an amulet of magic regeneration (around neck)
   (You found it on level 1 of the Dungeon)
 k - a ring of resist corrosion (left hand)
   (You found it on level 1 of the Dungeon)
Scrolls
 c - a scroll of fear {unknown}
 d - a scroll of acquirement {unknown}
 i - a scroll of noise {unknown}
 m - a scroll of poison {unknown}
 n - a scroll of vulnerability {unknown}
 o - a scroll of revelation {unknown}
Potions
 b - a potion of magic
 f - a potion of cancellation {unknown}
 g - 2 potions of curing {unknown}
 l - a potion of degeneration {unknown}


   Skills:
 - Level 1.7 Dodging
 - Level 1.7 Stealth
 + Level 3.0 Spellcasting
 + Level 4.7 Conjurations


You had 5 spell levels left.
You knew the following spells:

 Your Spells              Type           Power      Damage    Failure   Level
a - Magic Dart            Conj           92%        1d7       1%          1
b - Searing Ray           Conj           46%        2d6       3%          2

Your spell library contained the following spells:

 Spells                   Type           Power      Damage    Failure   Level
 Dazzling Flash           Conj/Hex       26%        N/A       16%         3
 Fulminant Prism          Conj/Hex       6%         3d7       45%         4
 Iskenderun's Mystic Bla  Conj/Tloc      13%        2d5       45%         4


Dungeon Overview and Level Annotations

Branches:
Dungeon (2/15)

Altars:
Ru

Annotations:
D:2 Sigmund, Terence


Innate Abilities, Weirdness & Mutations

You cannot train Armour skill.
A meltable shield of frost defends you. (SH +4)


Message History

p - 4 curare-tipped darts A bat comes into view.
The bat closely misses you.
A bat is nearby!
The magic dart hits the bat.
The bat hits you. The bat closely misses you.
You take 1 damage, and have 23/24 hp.
You now have 6/7 mp.
The magic dart hits the bat.
You can't see any susceptible monsters within range! (Use Z to cast anyway.)
Found a stone staircase leading down.
Health restored: 24; MP restored: 7 A quokka comes into view.
The magic dart hits the quokka!
You now have 6/7 mp.
You can't see any susceptible monsters within range! (Use Z to cast anyway.)
A frilled lizard comes into view.
MP restored: 7 A frilled lizard is nearby!
A frilled lizard is nearby!
The magic dart hits the frilled lizard.
You now have 6/7 mp.
You can't see any susceptible monsters within range! (Use Z to cast anyway.)
You see here a frilled lizard corpse.
You see here a frilled lizard corpse.
A hobgoblin comes into view.
MP restored: 7 A hobgoblin is nearby!
The magic dart hits the hobgoblin.
The hobgoblin shouts!
You now have 6/7 mp.
The magic dart hits the hobgoblin but does no damage.
The magic dart hits the hobgoblin.
You now have 5/7 mp.
You can't see any susceptible monsters within range! (Use Z to cast anyway.)
You can't see any susceptible monsters within range! (Use Z to cast anyway.) Terence the Incautious comes into view.
He is wielding a +0 hand axe.
MP restored: 7 Terence is nearby!
Terence is nearby!
The magic dart hits Terence.
Terence shouts!
You hear a shout!
Sigmund the Dreaded comes into view.
He is wielding a +2 scythe of venom.
You now have 6/7 mp.
MP restored: 7 Sigmund casts a spell at you.
You are confused.
You're too confused to move!
You bump into the rock wall.
You bump into the rock wall.
Sigmund points at you and mumbles some strange words.
You resist with significant effort.
You're too confused to cast spells.
You bump into the rock wall.
You feel less confused. Sigmund barely misses you.
Casting: Magic Dart (safe; 1% risk of failure)
Confirm with . or Enter, or press ? or * to list all spells.
Aiming: Searing Ray (safe; 3% risk of failure)
Press: ? - help, Shift-Dir - straight line, f/p - Terence
Aim: Terence, wielding a +0 hand axe and wearing a +0 scale mail (lightly wounded, 81% to hit)
The searing ray hits Sigmund!
The searing ray hits Terence! (Press . to maintain the ray.) Sigmund closely misses you.
You now have 5/7 mp.
The searing ray misses Sigmund.
The searing ray hits Terence but does no damage.
The searing ray misses Sigmund.
The searing ray hits Terence.
Sigmund hits you from afar with a +2 scythe of venom!
You take 9 damage, and have 15/24 hp.
MASSIVE DAMAGE!!
You now have 4/7 mp.
The searing ray hits Sigmund!
The searing ray hits Terence.
You finish channelling your searing ray.
Sigmund barely misses you.
Casting: Searing Ray (safe; 3% risk of failure)
Confirm with . or Enter, or press ? or * to list all spells.
Aiming: Searing Ray (safe; 3% risk of failure)
Press: ? - help, Shift-Dir - straight line, f/p - Terence
Aim: Terence, wielding a +0 hand axe and wearing a +0 scale mail (severely wounded, 81% to hit)
The searing ray hits Sigmund!
The searing ray misses Terence. (Press . to maintain the ray.) Sigmund casts a spell at you.
You are confused.
You now have 3/7 mp.
Sigmund casts a spell at you. You resist with significant effort.
Sigmund barely misses you.
Sigmund hits you from afar with a +2 scythe of venom.
You are lethally poisoned!
You take 5 damage, and have 11/24 hp.
MASSIVE DAMAGE!!
* * * LOW HITPOINT WARNING * * *
You feel very sick.
You take 4 damage, and have 7/24 hp.
* * * LOW HITPOINT WARNING * * *
You feel very sick. Sigmund gestures at you while chanting.
You resist with significant effort.
You take 4 damage, and have 3/24 hp.
You feel less confused.
* * * LOW HITPOINT WARNING * * *
You feel sick. Sigmund closely misses you.
You take 2 damage, and have 1/24 hp.
You die...

#.......# #.#
#.##...#########.######
###.@.....##............#
....##..@.##.#####.####.#
..#.###.#.##.# #.# #.# #.#.#
#.#.##.# #.# #.# ..... ..#.##.#
#.# #.# #.#.#####.##.#####.# #.#
#.#.# #....@@.@..## #.# #.#.#
####.#####.÷# #.# #.#.# #.#
###..###.## #.# #.###.........#
####.............########
#...........#.#..........
#.######.............####
#.####.######.#..##.#.###.#
####.....†.......)......#.##.####


You could see Sigmund and Terence.

Vanquished Creatures
  An adder (D:2)
  A dart slug (D:1)
  4 bats
  4 endoplasms (D:1)
  2 giant cockroaches (D:1)
  3 hobgoblins
  6 kobolds
  A quokka (D:2)
  2 ball pythons (D:1)
  4 frilled lizards
  7 goblins
  4 rats
39 creatures vanquished.

Notes
Turn   | Place    | Note
-------+----------+-------------------------------------------
     0 | D:1      | IndexError the Demonspawn Conjurer began the quest for the
                  | Orb.
     0 | D:1      | Reached XP level 1. HP: 13/13 MP: 3/3
   235 | D:1      | Found a faded altar of an unknown god.
   265 | D:1      | Gained mutation: A meltable shield of frost defends you.
                  | (SH +4) [demonic ancestry]
   265 | D:1      | Reached XP level 2. HP: 6/19 MP: 0/5
   355 | D:1      | Prayed at the altar of an unknown god.
   355 | D:1      | Became a worshipper of Ru the Awakened
   393 | D:1      | Gained mutation: You cannot train Armour skill. [Ru
                  | sacrifice]
   393 | D:1      | Reached * piety under Ru
   630 | D:1      | Learned a level 2 spell: Searing Ray
  1061 | D:2      | Reached XP level 3. HP: 19/24 MP: 4/7
  1224 | D:2      | Reached skill level 3 in Spellcasting
  1485 | D:2      | Noticed Terence
  1486 | D:2      | Noticed Sigmund
  1521 | D:2      | HP: 3/24 [poisoned by Sigmund]
  1522 | D:2      | HP: 1/24 [poisoned by Sigmund]
  1523 | D:2      | Succumbed to Sigmund's poison

Illustrated notes

Levels and vault maps discovered:
D:1:      saegor_arrival_simple_c, layout_loops_ring, serial_aquarium,
          aquarium_bridge_straight [aquarium_subvault_bridge,
          aquarium_subvault_wall, aquarium_subvault_bridge,
          aquarium_subvault_wall], aquarium_bridge_long_separate
          [aquarium_subvault_window, aquarium_subvault_bridge,
          aquarium_subvault_bridge, aquarium_subvault_bridge,
          aquarium_subvault_bridge, aquarium_subvault_bridge],
          aquarium_window_1, aquarium_window_1, aquarium_view_2b,
          aquarium_view_2a, aquarium_balcony_double_1, aquarium_pool_2,
          chequers_ecumenical_altar_simple_redux
D:2:      layout_loops_ring, minivault_19, uniq_sigmund, uniq_terence

Skill      XL: |  1  2  3 |
---------------+----------+-----
Spellcasting   | 3 |  3.0
Dodging        | |  1.7
Stealth        | |  1.7
Conjurations   | |  4.7

Action                     || total
---------------------------++-------
  Melee: Club              ||     9
         Punch             ||     1
   Cast: Magic Dart        ||    74
         Searing Ray       ||     3
 Invoke: Sacrifice Durabil ||     1
 Armour: Robe              ||    15
  Dodge: Dodged            ||    20
  Block: Other             ||     1

Table legend: (Time is in decaauts)
 A = Elapsed time spent in this place.
 B = Non-inter-level travel time spent in this place.
 C = Inter-level travel time spent in this place.
 D = Time resting spent in this place.
 E = Time spent auto-exploring this place.
 F = Levels seen in this place.
 G = Mean time per level.
                   A        B        C        D        E       F      G
               +--------+--------+--------+--------+--------+-----+--------+
         Total |   1524 |   1435 |     89 |      0 |   1205 |   2 |  762.0 |
       Dungeon |   1524 |   1435 |     89 |      0 |   1205 |   2 |  762.0 |
               +--------+--------+--------+--------+--------+-----+--------+

Top non-repeatable levels by time:
     D:1: 1066 daAuts
     D:2: 458 daAuts

Levels and vault maps discovered:
D:1:      saegor_arrival_simple_c, layout_loops_ring, serial_aquarium,
          aquarium_bridge_straight [aquarium_subvault_bridge,
          aquarium_subvault_wall, aquarium_subvault_bridge,
          aquarium_subvault_wall], aquarium_bridge_long_separate
          [aquarium_subvault_window, aquarium_subvault_bridge,
          aquarium_subvault_bridge, aquarium_subvault_bridge,
          aquarium_subvault_bridge, aquarium_subvault_bridge],
          aquarium_window_1, aquarium_window_1, aquarium_view_2b,
          aquarium_view_2a, aquarium_balcony_double_1, aquarium_pool_2,
          chequers_ecumenical_altar_simple_redux
D:2:      layout_loops_ring, minivault_19, uniq_sigmund, uniq_terence

Table legend: (Time is in decaauts)
 A = Elapsed time spent in this place.
 B = Non-inter-level travel time spent in this place.
 C = Inter-level travel time spent in this place.
 D = Time resting spent in this place.
 E = Time spent auto-exploring this place.
 F = Levels seen in this place.
 G = Mean time per level.
                   A        B        C        D        E       F      G
               +--------+--------+--------+--------+--------+-----+--------+
         Total |   1524 |   1435 |     89 |      0 |   1205 |   2 |  762.0 |
       Dungeon |   1524 |   1435 |     89 |      0 |   1205 |   2 |  762.0 |
               +--------+--------+--------+--------+--------+-----+--------+

Top non-repeatable levels by time:
     D:1: 1066 daAuts
     D:2: 458 daAuts

Table legend:
 A = Kills in this place as a percentage of kills in the entire game.
 B = Kills by you in this place as a percentage of kills by you in the entire game.
 C = Kills by friends in this place as a percentage of kills by friends in the entire game.
 D = Other kills in this place as a percentage of other kills in the entire game.
 E = Experience gained in this place as a percentage of experience gained in the entire game.
 F = Experience gained in this place divided by the number of levels of this place that you have seen.
                   A       B       C       D       E      F
               +-------+-------+-------+-------+-------+----------------------
         Total | 100.0 | 100.0 |   N/A |   N/A | 100.0 |  37.5
       Dungeon | 100.0 | 100.0 |   N/A |   N/A | 100.0 |  37.5
               +-------+-------+-------+-------+-------+----------------------
